 Dungeon Crawl Stone Soup version 0.26.0-16-gc1dbca0489 (webtiles) character file.

Game seed: 216035316007750686

58 kaeus the Sneak (level 3, -3/19 HPs)
             Began as a Vampire Enchanter on Jan 21, 2021.
             Slain by a kobold
             ... wielding a +0 hand axe
              (6 damage)
             ... on level 2 of the Dungeon.
             The game lasted 00:03:07 (1847 turns).

kaeus the Sneak (Vampire Enchanter)                 Turns: 1847, Time: 00:03:08

Health: -3/19      AC:  3    Str:  6 (8)  XL:     3   Next: 76%
Magic:  5/6        EV: 13    Int: 15 (17) God:
Gold:   52         SH:  0    Dex: 13 (14) Spells: 5/6 levels left

rFire    + . .     SeeInvis +   a - +1 dagger
rCold    + + .     Faith    .   (no shield)
rNeg     + + +     Spirit   .   b - +0 robe
rPois    ∞         Reflect  .   j - +1 hat
rElec    .         Harm     +   l - scarf {harm}
rCorr    .         Rampage  .   (no gloves)
Will     .....                  (no boots)
Stlth    +++++.....             (no amulet)
HPRegen  0.00/turn              d - ring of protection from fire
MPRegen  0.10/turn              (no ring)

@: very slightly contaminated, bloodless
A: fangs 3, see invisible, unbreathing
a: Bat Form, Revivify


You were on level 2 of the Dungeon.
You visited 1 branch of the dungeon, and saw 3 of its levels.

You collected 52 gold pieces.

Inventory:

Hand Weapons
 a - a +1 dagger (weapon)
Armour
 b - a +0 robe (worn)
 j - a +1 hat (worn)
 l - a scarf of harm (worn)
Jewellery
 d - a ring of protection from fire (left hand)
Scrolls
 c - a scroll of fog {unknown}
 e - a scroll of identify {unknown}
 f - 2 scrolls of teleportation {unknown}
 h - a scroll of noise {unknown}
 i - a scroll of amnesia {unknown}
Potions
 g - a potion of curing {unknown}
 k - a potion of brilliance {unknown}


   Skills:
 + Level 2.0 Short Blades
 + Level 2.8 Dodging
 + Level 5.1 Stealth
 + Level 2.4 Spellcasting
 + Level 5.0 Hexes


You had 5 spell levels left.
You knew the following spells:

 Your Spells              Type           Power        Failure   Level
a - Corona                Hex            17%          2%          1

Your spell library contained the following spells:

 Spells                   Type           Power        Failure   Level
 Confusing Touch          Hex            16%          9%          3
 Tukima's Dance           Hex            16%          9%          3
 Ensorcelled Hibernation  Hex/Ice        18%          12%         2
 Dazzling Flash           Conj/Hex       18%          22%         3


Dungeon Overview and Level Annotations

Branches:
Dungeon (3/15)

Altars:


Innate Abilities, Weirdness & Mutations

You do not regenerate when monsters are visible.
You are frail without blood (-20% HP).
You can heal yourself when you bite living creatures.
You are immune to poison.
You have razor-sharp teeth.
You have supernaturally acute eyesight. (SInv)
You can survive without breathing.


Message History

The kobold hits you with a +0 hand axe.
* * * LOW HITPOINT WARNING * * *
You are too injured to fight recklessly!
You are too injured to fight recklessly!
You are too injured to fight recklessly!
You are too injured to fight recklessly!
You are too injured to fight recklessly!
You are too injured to fight recklessly!
You are too injured to fight recklessly!
You are too injured to fight recklessly!
You closely miss the kobold.
The kobold is severely wounded.
The kobold hits you with a +0 hand axe.
* * * LOW HITPOINT WARNING * * *
You hit the kobold but do no damage. Your bite misses the kobold.
The kobold is severely wounded.
You barely miss the kobold.
The kobold is severely wounded.
The kobold hits you with a +0 hand axe.
You die...

############
#..........#
#..........#
#..........#########
#..............>...####
#....†@....####........
#....K.....# #........
#..........# #........
######'##### #......(.
#.# #........ #.#
#####..#. #.# #..#. #.#
##.#. #.#.


You could see a kobold.

Vanquished Creatures
  Natasha (D:2)
  An ooze (D:1)
  2 dart slugs (D:1)
  An orc (D:2)
  2 ball pythons
  A giant cockroach (D:2)
  3 goblins (D:1)
  2 hobgoblins (D:1)
  3 jackals (D:2)
  A kobold (D:1)
  2 bats (D:1)
  2 frilled lizards (D:1)
  2 rats (D:1)
23 creatures vanquished.

Notes
Turn   | Place    | Note
-------+----------+-------------------------------------------
     0 | D:1      | kaeus the Vampire Enchanter began the quest for the Orb.
     0 | D:1      | Reached XP level 1. HP: 13/13 MP: 3/3
   341 | D:1      | Reached XP level 2. HP: 15/15 MP: 5/5
  1122 | D:2      | Reached XP level 3. HP: 9/19 MP: 4/6
  1689 | D:2      | Noticed Natasha
  1693 | D:2      | Killed Natasha
  1694 | D:2      | Reached skill level 5 in Stealth
  1694 | D:2      | Reached skill level 5 in Hexes
  1847 | D:2      | Slain by a kobold

Illustrated notes

Levels and vault maps discovered:
D:1:      evilmike_arrival_hilbert_curve, layout_basic, minmay_pentomino_r2
D:2:      layout_basic, lemuel_crystal_altar, nicolae_qazlal_style_of_elements,
          uniq_natasha
D:3:      layout_rooms, okawaru_trees_2, serial_forest, infiniplex_forest_join,
          infiniplex_forest_fountain, infiniplex_forest_lined_room_2,
          infiniplex_forest_corner_1, infiniplex_forest_clump_curved,
          infiniplex_forest_lined_room_3, chequers_ecumenical_altar_simple,
          uniq_terence

Skill      XL: |  1  2  3 |
---------------+----------+-----
Short Blades   | 2 |  2.0
Stealth        | 5 |  5.1
Hexes          | 5 |  5.0
Dodging        | |  2.8
Spellcasting   | |  2.4

Action                   || total
-------------------------++-------
Melee: Dagger            ||   110
       Bite              ||     7
 Cast: Corona            ||    11
 Abil: Exsanguinate      ||     1
       End Transformatio ||     1
       Bat Form          ||     1
 Stab: Sleeping          ||    13
Armor: Robe              ||    24
Dodge: Dodged            ||    72
